 Dungeon Crawl Stone Soup version 0.28.0 (webtiles) character file.

Game seed: 11831725603680190035

140 mkm the Digger (level 5, -4/28 HPs)
             Began as a Gargoyle Earth Elementalist on Feb 10, 2022.
             Slain by a scorpion (7 damage)
             ... on level 5 of the Dungeon.
             The game lasted 00:13:29 (2496 turns).

mkm the Digger (Gargoyle Earth Elementalist)        Turns: 2496, Time: 00:13:30

Health: -4/28      AC:  7    Str: 12    XL:     5   Next: 22%
Magic:  10/10      EV: 12    Int: 17    God:
Gold:   74         SH:  0    Dex: 16    Spells: 5/11 levels left

rFire   . . .      SeeInvis .   e - +0 mace
rCold   . . .      Faith    .   (no shield)
rNeg    + . .      Spirit   .   b - +0 robe
rPois   ∞          Reflect  .   (no helmet)
rElec   +          Harm     .   (no cloak)
rCorr   .          Rampage  .   a - +0 pair of gloves
Will    .....                   (no boots)
Stlth   ++........              (no amulet)
HPRegen 0.09/turn               j - +6 ring of dexterity
MPRegen 0.12/turn               (no ring)

@: no status effects
A: sickness immunity, AC +4, negative energy resistance 1, electricity
resistance, torment resistance 1, petrification resistance
a: no special abilities


You were on level 5 of the Dungeon.
You visited 1 branch of the dungeon, and saw 5 of its levels.

You collected 74 gold pieces.

Inventory:

Hand Weapons
 e - a +0 mace (weapon)
Armour
 a - a +0 pair of gloves (worn)
 b - a +0 robe (worn)
Jewellery
 j - a +6 ring of dexterity (left hand)
Wands
 c - a wand of digging (5)
Scrolls
 d - a scroll of summoning {unknown}
 f - a scroll of magic mapping {unknown}
 k - 5 scrolls of identify {unknown}
 l - 2 scrolls of blinking {unknown}
 m - a scroll of teleportation {unknown}
Potions
 g - 3 potions of curing {unknown}
 h - a potion of heal wounds {unknown}
 i - 2 potions of flight {unknown}
 n - a potion of lignification {unknown}


   Skills:
 - Level 1.5 Dodging
 - Level 2.1 Stealth
 + Level 3.7 Spellcasting
 - Level 0.7 Transmutations
 + Level 5.5 Earth Magic


You had 5 spell levels left.
You knew the following spells:

 Your Spells              Type           Power      Damage    Failure   Level
a - Sandblast             Erth           42%        2d11      1%          1
b - Passwall              Tmut/Erth      10%        N/A       7%          2
c - Stone Arrow           Conj/Erth      24%        3d8       16%         3

Your spell library contained the following spells:

 Spells                   Type           Power      Damage    Failure   Level
 Ensorcelled Hibernation  Hex/Ice        6%         N/A       24%         2
 Petrify                  Tmut/Erth      13%        N/A       41%         4
 Swiftness                Air            3%         N/A       43%         3


Dungeon Overview and Level Annotations

Branches:
Dungeon (5/15)
 Temple: D:4-7

Altars:

Annotations:
D:2 Sigmund


Innate Abilities, Weirdness & Mutations

You are immune to sickness and miasma.
Your stone body is resilient. (AC +4)
You are immune to poison.
You resist negative energy. (rN+)
You are resistant to electric shocks. (rElec)
You are resistant to unholy torment.
You are immune to petrification.


Message History

Unknown command.
You barely miss the scorpion.
The scorpion stings you but does no damage.
The scorpion misses you.
You hit the scorpion but do no damage.
The scorpion stings you but does no damage.
You hit the scorpion but do no damage. The scorpion misses you.
The scorpion stings you but does no damage.
You hit the scorpion.
The scorpion is lightly wounded.
The scorpion stings you but does no damage.
The scorpion stings you!
You sock the scorpion!
The scorpion is severely wounded.
The scorpion stings you but does no damage.
You hit the scorpion but do no damage.
The scorpion is severely wounded.
The scorpion closely misses you. The scorpion misses you.
You hit the scorpion.
The scorpion is severely wounded.
The scorpion stings you.
* * * LOW HITPOINT WARNING * * *
The scorpion closely misses you.
You closely miss the scorpion.
The scorpion is severely wounded.
The scorpion barely misses you.
You hit the scorpion but do no damage.
The scorpion is severely wounded.
The scorpion stings you.
* * * LOW HITPOINT WARNING * * *
The scorpion barely misses you.
You closely miss the scorpion.
The scorpion is severely wounded.
The scorpion stings you.
* * * LOW HITPOINT WARNING * * *
The scorpion barely misses you.
You hit the scorpion but do no damage.
The scorpion is severely wounded.
The scorpion stings you!
You die...

#....
....#+##.
#........
#........
#........
#........
#.s......
#@.......
#.....(..
#........
#.....)..
###+#+###


You could see a scorpion.

Vanquished Creatures
  A hound (D:5)
  Ijyb (D:3)
  A gnoll (D:1)
  3 adders
  An ufetubus (D:5)
  2 bats (D:1)
  6 endoplasms
  2 giant cockroaches (D:1)
  5 goblins
  A hobgoblin (D:2)
  4 jackals (D:3)
  A quokka (D:2)
  2 ball pythons (D:3)
  5 frilled lizards
  5 kobolds
  4 rats
44 creatures vanquished.

Notes
Turn   | Place    | Note
-------+----------+-------------------------------------------
     0 | D:1      | mkm the Gargoyle Earth Elementalist began the quest for the
                  | Orb.
     0 | D:1      | Reached XP level 1. HP: 10/10 MP: 3/3
    94 | D:1      | Reached XP level 2. HP: 14/15 MP: 1/5
   118 | D:1      | Reached skill level 4 in Earth Magic
   282 | D:1      | Reached XP level 3. HP: 19/19 MP: 5/7
   940 | D:2      | Noticed Sigmund
  1091 | D:3      | Noticed Ijyb
  1267 | D:2      | Reached XP level 4. HP: 24/24 MP: 6/8
  1644 | D:2      | Reached skill level 5 in Earth Magic
  1649 | D:2      | Found a faded altar of an unknown god.
  1781 | D:3      | Killed Ijyb
  2055 | D:3      | Learned a level 2 spell: Passwall
  2059 | D:3      | Learned a level 3 spell: Stone Arrow
  2100 | D:4      | Noticed a scorpion
  2126 | D:5      | Entered Level 5 of the Dungeon
  2482 | D:5      | Reached XP level 5. HP: 21/28 MP: 10/10
  2496 | D:5      | Slain by a scorpion

Illustrated notes

Levels and vault maps discovered:
D:1:      dpeg_arrival_houses_and_road, layout_rooms
D:2:      layout_loops_ring, hellmonk_ecumenical_altar_zigzags, uniq_sigmund
D:3:      layout_rooms, uniq_ijyb
D:4:      layout_basic, uniq_duvessa
D:5:      layout_basic, mainiacjoe_overflow_cross_hatched, serial_rivers,
          chequers_serial_rivers_marsh, chequers_serial_rivers_small_3,
          chequers_serial_rivers_micro_c, chequers_serial_rivers_micro_a,
          uniq_blork_the_orc

Skill      XL: |  1  2  3  4 |
---------------+-------------+-----
Earth Magic    | 4 5 |  5.5
Spellcasting   | 3 |  3.7
Dodging        | |  1.5
Stealth        | |  2.1
Transmutations | |  0.7

Action                   |  1- 3 |  4- 6 || total
-------------------------+-------+-------++-------
Melee: Unarmed           |     4 |       ||     4
       Mace              |     3 |    62 ||    65
 Cast: Sandblast         |    39 |     9 ||    48
Armor: Robe              |    13 |    26 ||    39
Dodge: Dodged            |    11 |    75 ||    86
